Map: Bel'Shir Vestige LE (Void)

Players

Railgan - Winner!

  • Race: Zerg Zerg
  • League: Grandmaster
  • Spawn Location: 11:00

RotterdaM

  • Race: Protoss Protoss
  • League: Master
  • Spawn Location: 5:00

VOD

Have the link to the VOD?

Description

Time

  • Played on: March 24, 2017, 8:28 p.m.
  • Length: 9:26
Show
View Real Time Build Order
Export as new Build Order

Railgan Zerg - Winner!

Build Orders: Pool First 

Get SALT Encoding   

  12  0:01  Drone  
  13  0:12  Overlord  
  13  0:17  Drone  
  14  0:30  Drone x2  
  14  0:34  Drone  
  17  0:51  Drone  
  17  0:56  Extractor  
  17  0:58  Drone, Spawning Pool  
  17  1:07  Drone  
  18  1:18  Hatchery  
  17  1:22  Drone  
  18  1:27  Drone  
  19  1:41  Drone  
  19  1:45  Queen  
  22  1:51  Overlord  
  22  2:10  Zergling x2  
  22  2:11  Zergling x2  
  22  2:12  Metabolic Boost  
  24  2:21  Drone, Queen  
  27  2:29  Queen  
  27  2:30  Drone  
  27  2:35  Drone  
  31  2:41  Drone  
  32  2:49  Hatchery  
  31  2:54  Evolution Chamber  
  31  2:56  Drone  
  31  2:59  Drone  
  31  3:02  Drone  
  33  3:05  Drone  
  33  3:10  Drone x2  
  36  3:17  Overlord  
  36  3:20  Zerg Melee Weapons Level 1  
  35  3:32  Lair  
  35  3:36  Drone  
  35  3:37  Drone x3  
  39  3:42  Overlord  
  39  3:45  Drone x2  
  39  3:47  Zergling x2  
  42  3:50  Zergling x2  
  40  4:08  Drone  
  40  4:09  Drone x7  
  46  4:14  Drone x2  
  48  4:20  Roach Warren  
  48  4:21  Drone  
  48  4:28  Drone x2  
  50  4:34  Zergling x8  
  50  4:38  Overlord  
  54  4:42  Drone  
  54  4:43  Overlord  
  54  4:44  Drone x2  
  57  4:52  Drone x2  
  58  4:58  Drone x2  
  60  5:03  Glial Reconstitution  
  60  5:04  Roach  
  60  5:05  Roach x5  
  72  5:07  Extractor  
  72  5:08  Extractor  
  72  5:09  Drone x2  
  72  5:15  Zergling x2  
  72  5:17  Zergling x2  
  72  5:18  Overlord x2  
  72  5:19  Overlord  
  74  5:34  Zergling x2  
  74  5:35  Zergling x10  
  74  5:41  Drone x4  
  75  5:46  Drone x2  
  75  5:48  Infestation Pit  
  75  5:49  Drone  
  77  5:50  Drone x5  
  77  5:52  Drone  
  77  5:53  Extractor x2  
  77  5:56  Drone  
  82  6:00  Drone  
  82  6:01  Overlord  
  75  6:13  Zergling x2  
  75  6:14  Zergling x8  
  75  6:17  Zergling x2  
  78  6:28  Drone x4  
  78  6:29  Zergling x8  
  78  6:32  Baneling Nest, Drone  
  81  6:40  Drone  
  81  6:41  Drone  
  81  6:45  Extractor  
  82  6:47  Hydralisk Den, Zerg Missile Weapons Level 1, Drone  
  82  6:48  Drone x4, Hatchery, Overlord  
  82  6:51  Overlord  
  85  6:55  Overlord  
  85  6:56  Overlord x2  
  83  7:15  Hydralisk x9  
  83  7:17  Centrifical Hooks  
  83  7:22  Hydralisk  
  101  7:23  Hydralisk  
  101  7:24  Hydralisk  
  101  7:29  Hydralisk  
  102  7:30  Hydralisk  
  102  7:32  Drone  
  102  7:33  Drone  
  102  7:34  Drone  
  106  7:37  Muscular Augments  
  106  7:43  Zergling x2  
  106  7:44  Zergling x4  
  109  7:47  Zergling x8  
  103  8:01  Hydralisk x5  
  111  8:05  Drone  
  111  8:06  Drone x2  
  111  8:12  Spore Crawler  
  113  8:13  Spore Crawler  
  113  8:16  Hydralisk x2, Spore Crawler  
  113  8:18  Zergling x2  
  116  8:20  Drone  
  116  8:21  Drone  
  116  8:23  Zergling x2  
  116  8:24  Zergling x4  
  121  8:32  Baneling  
  121  8:33  Baneling x13  
  121  8:34  Zergling x4  
  121  8:36  Zergling x2  
  121  8:37  Drone  
  121  8:38  Drone  
  121  8:39  Drone  
  127  8:41  Drone x2  
  127  8:47  Zergling x2  
  127  8:48  Overlord, Zergling x2  
  122  9:03  Zergling x22  
Show
View Real Time Build Order
Export as new Build Order

RotterdaM Protoss 

Build Orders:  

Get SALT Encoding   

  12  0:00  Probe (Chrono Boost)  
  13  0:11  Probe (Chrono Boost)  
  14  0:19  Pylon  
  14  0:22  Probe (Chrono Boost)  
  15  0:37  Probe (Chrono Boost)  
  16  0:48  Probe (Chrono Boost)  
  17  0:56  Pylon  
  17  1:07  Nexus  
  17  1:17  Gateway  
  17  1:21  Probe (Chrono Boost)  
  18  1:31  Assimilator  
  18  1:32  Probe (Chrono Boost)  
  19  1:34  Assimilator  
  19  1:42  Probe (Chrono Boost)  
  19  1:44  Pylon  
  20  1:53  Probe (Chrono Boost)  
  21  2:04  Probe (Chrono Boost)  
  21  2:05  Cybernetics Core  
  21  2:06  Zealot  
  25  2:16  Probe (Chrono Boost)  
  25  2:21  Probe (Chrono Boost)  
  26  2:28  Probe (Chrono Boost)  
  27  2:31  Probe (Chrono Boost)  
  27  2:33  Warp Gate  
  28  2:37  Adept  
  28  2:41  Probe (Chrono Boost)  
  28  2:42  Probe (Chrono Boost)  
  32  2:50  Twilight Council  
  32  2:54  Probe (Chrono Boost)  
  32  2:55  Probe (Chrono Boost)  
  34  3:01  Adept  
  38  3:08  Mothership Core (Chrono Boost), Probe (Chrono Boost)  
  38  3:12  Pylon  
  39  3:13  Resonating Glaives  
  39  3:18  Probe (Chrono Boost)  
  41  3:28  Probe (Chrono Boost)  
  41  3:30  Probe (Chrono Boost)  
  42  3:35  Gateway  
  42  3:38  Adept  
  42  3:40  Probe (Chrono Boost)  
  45  3:43  Gateway  
  45  3:47  Pylon  
  45  3:51  Probe (Chrono Boost)  
  47  3:56  Probe (Chrono Boost)  
  48  4:03  Probe (Chrono Boost)  
  48  4:09  Probe (Chrono Boost)  
  45  4:15  Probe (Chrono Boost)  
  46  4:21  Probe (Chrono Boost)  
  47  4:27  Probe (Chrono Boost)  
  49  4:33  Probe (Chrono Boost)  
  49  4:37  Nexus  
  49  4:38  Adept x3  
  56  4:39  Pylon, Probe (Chrono Boost)  
  56  4:40  Pylon  
  56  4:41  Protoss Air Weapons Level 1  
  56  4:45  Probe (Chrono Boost)  
  57  4:51  Probe (Chrono Boost)  
  57  4:57  Probe (Chrono Boost)  
  57  4:58  Adept x3  
  64  5:02  Probe (Chrono Boost)  
  65  5:07  Probe (Chrono Boost)  
  65  5:09  Assimilator  
  65  5:10  Assimilator  
  65  5:13  Probe (Chrono Boost)  
  67  5:15  Stargate  
  67  5:16  Stargate  
  67  5:18  Probe (Chrono Boost)  
  68  5:23  Probe (Chrono Boost)  
  70  5:28  Probe (Chrono Boost)  
  66  5:36  Probe (Chrono Boost)  
  66  5:42  Adept x2  
  67  5:43  Adept  
  67  5:45  Probe (Chrono Boost)  
  67  5:47  Probe (Chrono Boost)  
  73  5:50  Pylon  
  73  5:52  Pylon  
  73  5:53  Probe (Chrono Boost)  
  73  5:56  Probe (Chrono Boost)  
  75  5:57  Phoenix x2  
  75  5:58  Robotics Facility, Probe (Chrono Boost)  
  72  6:15  Probe (Chrono Boost)  
  73  6:18  Phoenix  
  73  6:19  Phoenix  
  75  6:30  Probe (Chrono Boost)  
  73  6:40  Probe (Chrono Boost), Phoenix x2  
  73  6:41  Probe (Chrono Boost)  
  73  6:42  Robotics Facility, Probe (Chrono Boost)  
  73  6:45  Pylon  
  80  6:47  Observer, Pylon  
  80  6:51  Probe (Chrono Boost), Assimilator  
  80  6:53  Probe (Chrono Boost)  
  80  6:54  Assimilator  
  82  6:56  Adept x3  
  88  7:02  Probe (Chrono Boost)  
  88  7:03  Probe (Chrono Boost)  
  85  7:18  Adept x3  
  91  7:24  Immortal  
  91  7:29  Immortal  
  93  7:35  Probe x2 (Chrono Boost)  
  93  7:36  Robotics Bay  
  93  7:39  Gateway  
  93  7:40  Gateway  
  93  7:43  Gateway  
  93  7:44  Pylon  
  93  7:45  Forge  
  93  7:46  Pylon  
  93  7:48  Pylon  
  93  7:50  Pylon  
  93  7:58  Immortal  
  95  8:06  Adept x3  
  101  8:15  Colossus, Probe (Chrono Boost)  
  108  8:30  Colossus  
  108  8:33  Adept x3  
  112  8:39  Adept  
  120  8:44  Probe (Chrono Boost)  
  121  9:01  Adept x3  
  121  9:02  Adept  
  111  9:03  Zealot x2  
Tags
 
Add a new tag
Caveats
  • Supply blocks, unpowered buildings, or Contaminate may cause inaccurate times.
  • Supply counts are checked every 10 seconds.